 Dungeon Crawl Stone Soup version 0.20.2 (webtiles) character file.

296 Alfie the Shooter (level 6, 0/51 HPs)
             Began as a Minotaur Hunter on Mar 23, 2020.
             Killed by divine providence
             ... invoked by an orc priest
              (11 damage)
             ... on level 4 of the Dungeon.
             The game lasted 00:07:59 (2982 turns).

Alfie the Shooter (Minotaur Hunter)                 Turns: 2982, Time: 00:08:00

Health: 0/51       AC:  3    Str: 19    XL:     6   Next: 12%
Magic:  5/5        EV: 12    Int:  8    God:
Gold:   200        SH:  0    Dex: 10    Spells: 5/5 levels left

rFire    . . .     SeeInvis .   a - +1 shortbow
rCold    . . .     Gourm    .   (shield currently unavailable)
rNeg     . . .     Faith    .   c - +0 leather armour
rPois    .         Spirit   .   (helmet restricted)
rElec    .         Reflect  .   (no cloak)
rCorr    .         Harm     .   (no gloves)
MR       .....                  (no boots)
Stlth    +.........             (no amulet)
Regen    0.2/turn               (no ring)
MPRegen  0.1/turn               (no ring)

@: no status effects
A: retaliatory headbutt, horns 2
a: no special abilities


You were on level 4 of the Dungeon.
You were not hungry.

You visited 1 branch of the dungeon, and saw 4 of its levels.

You collected 200 gold pieces.

Inventory:

Hand Weapons
 a - a +1 shortbow (weapon)
 b - a +1 short sword
Missiles
 d - 72 arrows (quivered)
Armour
 c - a +0 leather armour (worn)
Jewellery
 l - an uncursed ring of resist corrosion {unknown}
 m - an uncursed ring of poison resistance {unknown}
 o - an uncursed ring of ice {unknown}
Wands
 q - a wand of flame (13/48)
Scrolls
 e - 3 scrolls of fog
 p - a scroll of teleportation
Potions
 g - 2 potions of mutation
 h - a potion of agility {unknown}
 j - 2 potions of curing
 k - 2 potions of heal wounds {unknown}
 s - a potion of brilliance {unknown}
Comestibles
 f - 5 bread rations
 i - 3 meat rations
 n - a royal jelly
 r - 2 fruits


   Skills:
 + Level 3.6 Fighting
 + Level 0.2 Short Blades
 + Level 7.2 Bows
 + Level 1.3 Armour
 + Level 2.5 Dodging
 + Level 1.3 Stealth


You had 5 spell levels left.
You didn't know any spells.

Dungeon Overview and Level Annotations

Branches:
Dungeon (4/15)
 Temple: D:4-7

Altars:
The Shining One


Innate Abilities, Weirdness & Mutations

You reflexively headbutt those who attack you in melee.
You have a pair of horns on your head.


Message History

The orc priest calls down the wrath of Beogh upon you.
Beogh smites you!
* * * LOW HITPOINT WARNING * * *
The orc hits you but does no damage.
Firing (i - inventory):
d - 74 arrows (quivered)
Press: ? - help, Shift-Dir - straight line, f/p - gnoll
Aim: a gnoll You shoot an arrow.
The arrow hits the gnoll.
The gnoll is heavily wounded.
The gnoll misses you.
The orc priest begins to cast a cantrip, but forgets the words!
The orc misses you.
Firing (i - inventory):
d - 73 arrows (quivered)
Press: ? - help, Shift-Dir - straight line, f/p - gnoll
Aim: a gnoll (heavily wounded)
You shoot an arrow. The arrow hits the gnoll!
You kill the gnoll!
The orc priest mumbles some strange prayers to Beogh against you.
Beogh smites you!
You die...

........# ..#
........# ..
...#.....# .#
.........# ##.#
.........# ###.##
.........###....# ##
.........#...#..##.#
...........####....#
..........## #.@###
..........# ##o)#
..........# ##g#
.........## gg
.........# ..#
.###.....# o.# ##
###..## ..( # ##.#
...( ###


You could see a gnoll shaman, an orc priest, 2 gnolls and an orc.

Vanquished Creatures
  An ogre (D:3)
  A scorpion (D:4)
  A hound (D:4)
  2 gnolls (D:4)
  3 adders
  An adder skeleton (D:4)
  3 worms
  2 dart slugs
  A leopard gecko (D:3)
  10 orcs
  4 giant cockroaches
  6 goblins
  7 hobgoblins
  2 quokkas
  A ball python skeleton (D:4)
  4 bats
  3 frilled lizards
  5 kobolds
  A leopard gecko skeleton (D:4)
  A quokka skeleton (D:4)
  5 rats
64 creatures vanquished.

Notes
Turn   | Place    | Note
-------+----------+-------------------------------------------
     0 | D:1      | Alfie the Minotaur Hunter began the quest for the Orb.
     0 | D:1      | Reached XP level 1. HP: 18/18 MP: 0/0
   782 | D:2      | Reached XP level 2. HP: 25/25 MP: 1/1
   900 | D:2      | Reached skill level 5 in Bows
  1101 | D:2      | Reached skill level 1 in Stealth
  1106 | D:2      | Reached XP level 3. HP: 30/30 MP: 2/2
  1316 | D:2      | Found a glowing golden altar of the Shining One.
  1906 | D:3      | Reached XP level 4. HP: 37/37 MP: 3/3
  2410 | D:4      | Noticed an ogre
  2419 | D:3      | Killed an ogre
  2419 | D:3      | Reached skill level 6 in Bows
  2419 | D:3      | Reached skill level 1 in Armour
  2419 | D:3      | Reached XP level 5. HP: 45/45 MP: 4/4
  2927 | D:4      | Reached skill level 7 in Bows
  2927 | D:4      | Reached XP level 6. HP: 14/51 MP: 5/5
  2982 | D:4      | Killed from afar by an orc priest

Skill      XL: |  1  2  3  4  5 |
---------------+----------------+-----
Bows           | 5 6 7 |  7.2
Stealth        | 1 |  1.3
Fighting       | 3 |  3.6
Armour         | 1 |  1.3
Short Blades   | |  0.2
Dodging        | |  2.5

Action                   |  1- 3 |  4- 6 || total
-------------------------+-------+-------++-------
Melee: Short sword       |    10 |     5 ||    15
       Headbutt          |     1 |     2 ||     3
 Fire: Shortbow          |   107 |    80 ||   187
  Use: Scroll            |     3 |     3 ||     6
       Potion            |       |     1 ||     1
  Eat: Bread ration      |     1 |       ||     1
       Royal jelly       |       |     1 ||     1
Armor: Leather armour    |    10 |     4 ||    14
Dodge: Dodged            |    23 |    22 ||    45
